Map: 空降地點 - 天梯版

Players

Nice

  • Race: Protoss Protoss
  • Spawn Location: 5:00

ShaDoWn - Winner!

  • Race: Protoss Protoss
  • Spawn Location: 11:00

Event: WCS Montreal 2018

VOD

Have the link to the VOD?

Description

Time

  • Played on: Sept. 7, 2018, 12:54 p.m.
  • Length: 7:22

All games in this series

Show
View Real Time Build Order
Export as new Build Order

Nice Protoss 

Build Orders: Dark Templar Rush 

Get SALT Encoding   

  12  0:00  Probe  
  13  0:13  Probe  
  14  0:17  Pylon  
  14  0:24  Probe  
  15  0:32  Probe  
  15  0:38  Gateway  
  15  0:40  Probe  
  16  0:48  Assimilator  
  17  0:53  Probe  
  17  0:54  Assimilator  
  18  1:03  Probe  
  18  1:04  Gateway  
  19  1:12  Probe  
  20  1:24  Probe  
  21  1:25  Cybernetics Core  
  21  1:32  Pylon  
  21  1:36  Probe  
  22  1:43  Warp Gate  
  22  1:48  Probe  
  23  2:02  Adept x2  
  23  2:06  Pylon  
  27  2:09  Probe  
  28  2:15  Twilight Council  
  28  2:27  Twilight Council  
  28  2:33  Adept x2  
  32  3:00  Adept x2  
  36  3:12  Dark Shrine  
  36  3:27  Nexus  
  36  3:28  Shield Battery  
  36  3:34  Pylon  
  36  3:41  Probe  
  37  3:53  Probe  
  37  3:54  Adept x2  
  42  4:05  Probe  
  43  4:23  Dark Templar  
  46  4:26  Dark Templar  
  45  4:39  Probe  
  45  4:42  Probe  
  45  4:51  Probe  
  44  4:54  Probe  
  44  4:56  Robotics Facility  
  44  4:59  Stalker x2  
  49  5:03  Probe  
  49  5:06  Probe  
  47  5:16  Probe  
  47  5:18  Probe  
  43  5:21  Pylon  
  43  5:23  Stalker x2  
  43  5:28  Probe  
  48  5:30  Probe  
  48  5:32  Immortal  
  48  5:33  Charge  
  47  5:40  Probe  
  50  5:43  Probe  
  50  5:47  Adept  
  50  5:48  Adept  
  55  5:54  Shield Battery  
  55  5:55  Probe x2  
  57  5:59  Immortal  
  57  6:09  Probe  
  57  6:10  Probe  
  60  6:15  Zealot x2  
  60  6:17  Assimilator  
  62  6:20  Pylon  
  62  6:26  Assimilator  
  62  6:30  Pylon  
  62  6:31  Observer  
  62  6:36  Pylon  
  62  6:38  Probe x2  
  65  6:47  Zealot x2  
  66  7:09  Stalker x2  
Show
View Real Time Build Order
Export as new Build Order

ShaDoWn Protoss - Winner!

Build Orders: Blink Stalkers 

Get SALT Encoding   

  12  0:00  Probe  
  13  0:12  Probe  
  14  0:17  Pylon  
  14  0:24  Probe  
  15  0:32  Probe  
  15  0:37  Gateway  
  15  0:40  Probe  
  16  0:45  Assimilator  
  17  0:51  Probe  
  17  0:54  Assimilator  
  18  1:03  Probe  
  19  1:06  Gateway  
  19  1:15  Probe  
  20  1:23  Cybernetics Core  
  20  1:27  Probe  
  20  1:31  Pylon  
  21  1:39  Probe  
  22  1:51  Warp Gate, Probe  
  23  2:00  Stalker, Sentry  
  27  2:03  Probe  
  28  2:14  Pylon  
  28  2:16  Probe  
  29  2:29  Twilight Council  
  29  2:32  Stalker  
  31  2:38  Stalker  
  32  2:51  Blink  
  32  2:59  Nexus  
  32  3:06  Shield Battery  
  32  3:17  Stalker  
  34  3:26  Stalker  
  36  3:36  Probe  
  36  3:38  Pylon  
  37  3:48  Probe  
  38  3:56  Stalker  
  38  4:01  Robotics Facility  
  40  4:05  Stalker  
  42  4:17  Probe  
  42  4:20  Stalker  
  45  4:27  Shield Battery  
  43  4:36  Stalker  
  45  4:41  Probe, Observer  
  46  4:50  Probe  
  48  4:53  Probe  
  48  4:57  Gateway  
  48  4:59  Stalker  
  51  5:02  Probe  
  51  5:05  Probe  
  52  5:14  Probe  
  52  5:17  Probe  
  54  5:23  Pylon  
  54  5:28  Warp Prism  
  54  5:41  Probe x2  
  58  5:43  Stalker x2  
  58  5:49  Pylon  
  62  5:58  Pylon  
  62  6:06  Probe  
  62  6:07  Stalker x3, Probe  
  62  6:10  Observer  
  70  6:15  Probe x2  
  71  6:23  Probe  
  71  6:24  Pylon  
  73  6:30  Stalker x2  
  78  6:41  Assimilator  
  78  6:42  Probe x2  
  78  6:44  Assimilator  
  80  6:47  Zealot  
  80  6:53  Stalker x2  
  82  6:54  Probe x2  
  84  7:06  Probe  
  84  7:07  Probe  
  86  7:11  Stalker  
  84  7:16  Stalker  
Tags
 
Add a new tag
Caveats
  • Supply blocks, unpowered buildings, or Contaminate may cause inaccurate times.
  • Supply counts are checked every 10 seconds.